 Dungeon Crawl Stone Soup version 0.18.1-48-g4cf74bf (webtiles) character file.

202 Jerry the Insei (level 5, -4/36 HPs)
             Began as an Octopode Monk on Aug 11, 2016.
             Slain by an orc warrior
             ... wielding a +0 war axe
              (15 damage)
             ... on level 3 of the Dungeon.
             The game lasted 00:16:11 (2854 turns).

Jerry the Insei (Octopode Monk)                     Turns: 2854, Time: 00:16:12

Health: -4/36      AC:  1    Str: 16    XL:     5   Next: 80%
Magic:  5/5        EV: 13    Int: 12    God:
Gold:   161        SH:  0    Dex: 15    Spells: 0 memorised, 4 levels left

rFire  . . .     SeeInvis .     y - +8 glaive of Xom's Pride {elec, rN+}
rCold  . . .     Gourm    .     (shield currently unavailable)
rNeg   + . .     Faith    .     (helmet restricted)
rPois  .         Spirit   .     e - amulet of regeneration
rElec  .         Dismiss  .     l - ring of resist corrosion
rCorr  +         Reflect  .     (no ring)
SustAt .         Harm     .     (no ring)
MR     .....                    (no ring)
Stlth  ++++......               (no ring)
                                (no ring)
                                (no ring)
                                (no ring)

@: mighty, not resistant to hostile enchantments, stealthy
A: almost no armour, amphibious, 8 rings, constrict 8, camouflage 1, gelatinous
body 1
a: no special abilities


You were on level 3 of the Dungeon.
You were very hungry.

You visited 1 branch of the dungeon, and saw 4 of its levels.

You collected 161 gold pieces.

Inventory:

Hand Weapons
 u - a +0 hunting sling of flaming
 y - the +8 glaive of Xom's Pride (weapon) {elec, rN+}
   (You found it on level 4 of the Dungeon)

   Occasionally, upon striking a foe, it will discharge some electrical energy
   and cause terrible harm.
   It protects you from negative energy.
Missiles
 g - 6 tomahawks of returning (quivered)
 v - 13 stones
Jewellery
 e - an amulet of regeneration (around mantle)
 l - a ring of resist corrosion (left tentacle)
Wands
 p - a wand of slowing (0/48)
Scrolls
 c - 5 scrolls of identify
 h - a scroll of noise {unknown}
 i - a scroll of enchant armour {unknown}
 j - 2 scrolls of remove curse {unknown}
 k - 2 scrolls of teleportation {unknown}
 m - a scroll of recharging {unknown}
 o - a scroll of immolation {unknown}
 q - a scroll of enchant weapon {unknown}
Potions
 b - a potion of heal wounds
 s - 2 potions of haste {unknown}
 t - a potion of degeneration {unknown}
 x - a potion of beneficial mutation {unknown}
 z - a potion of invisibility {unknown}
Comestibles
 a - 2 bread rations
 f - 3 meat rations
 n - a slice of pizza
 r - a fruit
 w - a beef jerky


   Skills:
 - Level 3.0 Fighting
 + Level 3.4 Dodging
 - Level 4.5 Stealth
 + Level 6.0 Unarmed Combat


You had 4 spell levels left.
You didn't know any spells.

Dungeon Overview and Level Annotations

Branches:
Dungeon (4/15)
 Temple: D:4-7

Altars:
Pakellas
Zin


Innate Abilities, Weirdness & Mutations

You cannot wear most types of armour.
You are amphibious.
You can wear up to eight rings at the same time.
You can use your tentacles to constrict eight enemies at once.
Your skin changes colour to match your surroundings (Stealth).
Your rubbery body absorbs attacks (AC +1).


Message History

You constrict the orc warrior, but do no damage.
The orc warrior hits you with a war axe!
The orc falls through a shaft!
The shaft crumbles and collapses.
The orc warrior completely misses you.
You release your grip on the orc warrior.
You are feeling very hungry.
The orc warrior hits you with a war axe!
There is a stone staircase leading up, spattered with blood here.
You climb upwards.
There is a stone staircase leading down here.
Drink which item? (? for menu, Esc to quit)
You feel very mighty all of a sudden.
The orc warrior hits you with a war axe!
* * * LOW HITPOINT WARNING * * *
You are too injured to fight recklessly!
You are too injured to fight recklessly!
You are too injured to fight recklessly!
You closely miss the orc warrior. Your grab misses the orc warrior.
The orc warrior hits you with a war axe!
You die...

####........# #
#.......## #
#.#....##
####.....##
......##.#########
.................##
..................#
###...............#
###............o@.#
.###..............#
..##.>#...........#
......#####.......#
.....## #.......#
.....# #.......#
....## #.......#
....# #########
....#


You could see an orc warrior.

Vanquished Creatures
  An orc wizard (D:4)
  A worker ant (D:4)
  2 adders
  3 gnolls (D:3)
  2 oozes
  2 dart slugs
  4 giant geckos
  3 orcs
  3 ball pythons
  10 bats
  5 giant cockroaches
  9 hobgoblins
  10 jackals
  6 kobolds
  4 quokkas
  4 giant newts
  2 goblins
  7 rats
78 creatures vanquished.

Notes
Turn   | Place    | Note
--------------------------------------------------------------
     0 | D:1      | Jerry the Octopode Monk began the quest for the Orb.
     0 | D:1      | Reached XP level 1. HP: 16/16 MP: 1/1
    41 | D:1      | Reached XP level 2. HP: 19/21 MP: 2/2
   287 | D:1      | Reached XP level 3. HP: 26/26 MP: 3/3
   483 | D:2      | Reached skill level 5 in Unarmed Combat
  1013 | D:2      | Reached XP level 4. HP: 31/31 MP: 4/4
  1168 | D:2      | Found a glowing silver altar of Zin.
  1716 | D:3      | Found an oddly glowing altar of Pakellas.
  2033 | D:3      | Noticed an ogre
  2179 | D:3      | Reached XP level 5. HP: 20/36 MP: 5/5
  2733 | D:4      | Got a scorched glaive
  2734 | D:4      | Identified the +8 glaive of Xom's Pride {elec, rN+} (You found it on level 4 of the Dungeon)
  2791 | D:4      | Noticed an orc warrior
  2791 | D:4      | Reached skill level 6 in Unarmed Combat
  2854 | D:3      | Slain by an orc warrior

Skill      XL: |  1  2  3  4  5 |
---------------+----------------+-----
Unarmed Combat | 5 6 |  6.0
Stealth        | 3 4 |  4.5
Fighting       | |  3.0
Dodging        | |  3.4

Action                   |  1- 3 |  4- 6 || total
-------------------------+-------+-------++-------
Melee: Unarmed           |    66 |    75 ||   141
       Tentacles         |     4 |    12 ||    16
       Punch             |     2 |     2 ||     4
       Constrict         |    13 |    24 ||    37
       Glaive            |       |    14 ||    14
 Fire: Hunting sling     |       |     6 ||     6
Throw: Tomahawk          |       |     5 ||     5
  Use: Scroll            |       |     2 ||     2
       Potion            |       |     1 ||     1
 Stab: Sleeping          |     9 |     7 ||    16
  Eat: Chunk             |       |     5 ||     5
Armor: Skin              |     7 |     6 ||    13
Dodge: Dodged            |    34 |    40 ||    74
